Map: Ever Dream LE

Players

NYK

  • Race: Zerg Zerg
  • League: Grandmaster
  • Spawn Location: 1:00

Creature - Winner!

  • Race: Protoss Protoss
  • Spawn Location: 7:00

Event: The Miserable Cup

VOD

Have the link to the VOD?

Description

Time

  • Played on: June 19, 2020, 1:06 p.m.
  • Length: 4:56

All games in this series

Show
View Real Time Build Order
Export as new Build Order

NYK Zerg 

Build Orders: Hatch First 

Get SALT Encoding   

  12  0:00  Drone  
  13  0:12  Overlord  
  13  0:17  Drone  
  14  0:30  Drone x2  
  16  0:53  Hatchery  
  16  0:54  Drone  
  16  0:56  Drone  
  17  1:00  Drone  
  18  1:11  Extractor  
  17  1:15  Spawning Pool  
  17  1:17  Drone  
  17  1:20  Drone  
  18  1:28  Drone  
  19  1:41  Drone  
  20  1:49  Overlord  
  20  2:03  Queen  
  20  2:05  Queen  
  20  2:06  Zergling x4  
  26  2:14  Zergling x2  
  27  2:16  Metabolic Boost  
  27  2:18  Unknown  
  27  2:19  Zergling x2  
  28  2:26  Roach Warren  
  27  2:31  Zergling x4  
  27  2:33  Zergling x2  
  30  2:43  Overlord  
  30  2:44  Zergling x2  
  30  2:55  Zergling x4  
  30  3:06  Zergling x4  
  30  3:10  Roach  
  30  3:11  Roach x2  
  37  3:15  Overlord  
  37  3:17  Zergling x2  
  38  3:20  Zergling x2  
  38  3:23  Zergling x2  
  38  3:27  Zergling x2  
  41  3:32  Overlord  
  41  3:35  Ravager  
  41  3:36  Ravager  
  43  3:45  Zergling x6  
  43  4:07  Zergling x4  
  43  4:08  Zergling x6  
  46  4:12  Ravager  
  45  4:23  Zergling x6  
  40  4:34  Zergling x4  
Show
View Real Time Build Order
Export as new Build Order

Creature Protoss - Winner!

Build Orders: 1 Gate Expand, Dark Templar Rush 

Get SALT Encoding   

  12  0:00  Probe  
  13  0:13  Probe  
  14  0:18  Pylon  
  14  0:26  Probe  
  15  0:37  Probe  
  15  0:38  Gateway  
  16  0:45  Probe  
  17  0:51  Assimilator  
  17  0:55  Probe  
  18  1:07  Probe  
  19  1:19  Probe  
  20  1:27  Nexus  
  20  1:36  Cybernetics Core  
  20  1:39  Probe  
  21  1:45  Assimilator  
  21  1:51  Pylon  
  21  1:54  Probe  
  22  2:02  Adept  
  22  2:03  Warp Gate  
  22  2:06  Probe  
  25  2:18  Probe  
  26  2:23  Stalker, Twilight Council  
  26  2:30  Probe  
  29  2:39  Probe  
  29  2:42  Probe  
  31  2:51  Gateway  
  31  2:53  Probe  
  31  2:54  Probe  
  33  3:06  Shield Battery  
  33  3:14  Pylon  
  33  3:15  Adept  
  35  3:23  Dark Shrine  
  35  3:25  Probe  
  35  3:26  Probe  
  37  3:37  Probe  
  37  3:38  Pylon, Probe  
  39  3:44  Gateway  
  39  3:46  Robotics Facility  
  41  3:49  Probe  
  41  3:52  Stalker  
  42  3:59  Sentry  
  42  4:01  Probe  
  45  4:07  Shield Battery  
  45  4:13  Sentry  
  45  4:20  Zealot  
  45  4:21  Probe  
  48  4:30  Probe  
  47  4:35  Zealot  
  47  4:38  Dark Templar  
  47  4:40  Zealot, Probe  
  47  4:43  Probe  
  47  4:45  Pylon  
  53  4:47  Pylon  
Tags
 
Add a new tag
Caveats
  • Supply blocks, unpowered buildings, or Contaminate may cause inaccurate times.
  • Supply counts are checked every 10 seconds.